 Dungeon Crawl Stone Soup version 0.31-a0-851-g7ff8af7976 (webtiles) character file.

Game seed: 11607765364898193828

93 Nattfarinn the Trooper (level 4, 0/52 HPs)
             Began as a Formicid Shapeshifter on Oct 5, 2023.
             Slain by a goblin
             ... wielding a +1 dagger of venom
             ... led by Robin
              (2 damage)
             ... on level 3 of the Dungeon.
             The game lasted 00:03:47 (2030 turns).

Nattfarinn the Trooper (Formicid Shapeshifter)      Turns: 2030, Time: 00:03:47

Health: 0/52       AC: 22    Str: 18 (21) XL:     4   Next: 91%
Magic:  4/4        EV:  2    Int:  7 (9)  God:
Gold:   286        SH:  0    Dex: 12 (13) Spells: 3/3 levels left

rFire   . . .        g - +0 mace
rCold   . . .        (no shield)
rNeg    . . .        p - melded +6 chain mail "Ekhi" {Regen+ Str+4}
rPois   +            (helmet unavailable)
rElec   .            (cloak currently unavailable)
rCorr   .            (gloves currently unavailable)
SInv    .            (boots currently unavailable)
Will    .....        (no amulet)
Stlth   +            (no ring)
HPRegen 0.28/turn    (no ring)
MPRegen 0.09/turn

%: no passive effects
@: brilliant, lethally poisoned (0 -> -5), tree-form, attractive, invisible
A: stationary, stasis, torment immunity, boosted hp, permanent stasis, dig
shafts and tunnels, (antennae 3), four strong arms, evolution 1, inability to
drink after injury 1, MP-powered wands
a: no special abilities


You were on level 3 of the Dungeon.
You were a tree.
You visited 1 branch of the dungeon, and saw 4 of its levels.

You collected 286 gold pieces.

Inventory:

Hand Weapons
 g - a +0 mace (weapon)
Armour
 a - a +0 animal skin
 h - a scarf of repulsion
 o - a +0 pair of boots
 p - the +6 chain mail "Ekhi" (melded) {Regen+ Str+4}
   (You found it on level 3 of the Dungeon)

   Str+4:     It affects your strength (+4).
   Regen+:    It increases your rate of health regeneration.
Jewellery
 k - an amulet of faith
Talismans
 c - a beast talisman
 d - a flux talisman
Scrolls
 j - 2 scrolls of teleportation {unknown}
 n - 2 scrolls of identify {unknown}
 q - 2 scrolls of blinking {unknown}
 s - a scroll of silence {unknown}
Potions
 b - a potion of lignification
 f - 2 potions of invisibility


   Skills:
 + Level 3.4 Fighting
 + Level 3.0 Armour
 - Level 1.7 Dodging
 - Level 3.0 Unarmed Combat
 - Level 3.2 Shapeshifting


You had 3 spell levels left.
You didn't know any spells.
Your spell library was empty.

Dungeon Overview and Level Annotations

Branches:
Dungeon (4/15)
 Temple: D:4-7

Altars:

Shops:
D:1 *

Annotations:
D:2 Sigmund
D:4 Robin


Innate Abilities, Weirdness & Mutations

You are a tree.
Your roots penetrate the ground, keeping you stationary.
You cannot be teleported.
You are immune to unholy pain and torment.
Your maximum health is greatly increased.
Your equipment is partially melded.
You cannot be hasted, slowed, berserked, paralysed or teleported.
You can dig through walls and to a lower floor.
((You have a pair of large antennae on your head. (SInv)))
Your four strong arms can wield two-handed weapons with a shield.
You have hidden genetic potential.
You occasionally lose the ability to drink potions when taking damage.
You expend magic power (3 MP) to strengthen your wands.


Message History

The hound is lightly wounded.
The goblin no longer looks unusually strong.
The hound bites you but does no damage. The goblin hits you but does no damage.
The hound bites you.
* * * LOW HITPOINT WARNING * * *
The goblin hits you but does no damage.
You closely miss the hound.
The hound is lightly wounded.
The hound completely misses you. The hound bites you but does no damage.
The goblin hits you but does no damage. The hound bites you but does no damage.
It was a potion of mutation.
You feel extremely strange.
You occasionally lose the ability to drink potions when taking damage.
You feel your magical essence link to the dungeon's wands.
You feel a hidden potential growing inside you.
The hound bites you but does no damage.
It was a potion of haste.
Your stasis prevents you from being hasted.
The hound bites you but does no damage. The goblin completely misses you.
The hound bites you.
* * * LOW HITPOINT WARNING * * *
It was a potion of degeneration.
There was something very wrong with that liquid.
You feel weakened.
You feel dopey.
You feel clumsy. The goblin hits you but does no damage.
You are lethally poisoned!
The hound bites you but does no damage.
It was a potion of attraction.
You feel attractive to monsters.
* * * LOW HITPOINT WARNING * * *
You feel very sick. The hound bites you but does no damage.
The goblin hits you with a +1 dagger of venom.
* * * LOW HITPOINT WARNING * * *
The hound barely misses you.
It was a potion of brilliance.
You feel clever all of a sudden.
* * * LOW HITPOINT WARNING * * *
You feel sick.
The goblin hits you with a +1 dagger of venom.
You die...

####.##.#####.##.#
####.##.......##.#
.......<......##.#
...###........##.#
...# #...####.##.#
...###...####.##.#
...............#.#
#..........##).#h#
#.............gg♣#
#..........#######
#.....######
#.....# #.....#
#.....# #.....#
#.....# #######


You could see a hound, a hobgoblin (unable to see you) and a goblin (unable to
see you).

Vanquished Creatures
  3 adders (D:2)
  2 dart slugs
  An orc (D:3)
  3 bats
  3 endoplasms
  3 giant cockroaches
  7 hobgoblins
  4 jackals (D:1)
  2 quokkas
  8 ball pythons
  4 frilled lizards
  6 goblins
  5 kobolds
  7 rats
58 creatures vanquished.

Notes
Turn   | Place    | Note
-------+----------+-------------------------------------------
     0 | D:1      | Nattfarinn the Formicid Shapeshifter began the quest for
                  | the Orb.
     0 | D:1      | Reached XP level 1. HP: 15/15 MP: 1/1
    83 | D:1      | Reached skill level 1 in Armour
    83 | D:1      | Reached XP level 2. HP: 21/21 MP: 2/2
   178 | D:1      | Found a faded altar of an unknown god.
   266 | D:1      | Found Pivumojifi's Assorted Antiques.
   280 | D:1      | Reached XP level 3. HP: 27/27 MP: 3/3
   976 | D:2      | Reached XP level 4. HP: 20/34 MP: 4/4
  1332 | D:2      | Noticed Sigmund
  1417 | D:3      | Identified the +6 chain mail "Ekhi" {Regen+ Str+4}
  1995 | D:4      | Noticed Robin
  2022 | D:3      | HP: 1/52 [poisoned by a goblin]
  2026 | D:3      | Gained mutation: You occasionally lose the ability to drink
                  | potions when taking damage. [potion of mutation]
  2026 | D:3      | Gained mutation: You expend magic power (3 MP) to
                  | strengthen your wands. [potion of mutation]
  2026 | D:3      | Gained mutation: You have hidden genetic potential. [potion
                  | of mutation]
  2030 | D:3      | HP: 2/52 [poisoned by a goblin]
  2030 | D:3      | Slain by a goblin

Illustrated notes

Levels and vault maps discovered:
D:1:      dpeg_arrival_lava_temple_mockup, layout_loops_ring, serial_shops,
          shop, nicolae_ecumenical_snake_handling
D:2:      layout_rooms, uniq_sigmund
D:3:      layout_basic
D:4:      layout_gridville, uniq_eustachio, uniq_robin, uniq_grinder

Skill      XL: |  1  2  3  4 |
---------------+-------------+-----
Armour         | 1 2 3 |  3.0
Fighting       | 2 3 |  3.4
Dodging        | |  1.7
Unarmed Combat | |  3.0
Shapeshifting  | |  3.2

Action                     |  1- 3 |  4- 6 || total
---------------------------+-------+-------++-------
  Melee: Unarmed           |    16 |       ||    16
         Mace              |    64 |    65 ||   129
         Punch             |     1 |     2 ||     3
    Use: Potion            |       |     8 ||     8
   Stab: Sleeping          |     2 |     2 ||     4
 Armour: Animal skin       |    37 |    12 ||    49
         Chain mail        |       |    40 ||    40
         Skin              |       |    22 ||    22
  Dodge: Dodged            |    55 |    48 ||   103

Table legend: (Time is in decaauts)
 A = Elapsed time spent in this place.
 B = Non-inter-level travel time spent in this place.
 C = Inter-level travel time spent in this place.
 D = Time resting spent in this place.
 E = Time spent auto-exploring this place.
 F = Levels seen in this place.
 G = Mean time per level.
                   A        B        C        D        E       F      G
               +--------+--------+--------+--------+--------+-----+--------+
         Total |   2080 |   2010 |     70 |      4 |   1544 |   4 |  520.0 |
       Dungeon |   2080 |   2010 |     70 |      4 |   1544 |   4 |  520.0 |
               +--------+--------+--------+--------+--------+-----+--------+

Top non-repeatable levels by time:
     D:1: 813 daAuts
     D:2: 626 daAuts
     D:3: 609 daAuts
     D:4: 31 daAuts
